 Dungeon Crawl Stone Soup version 0.18-a0-731-ga019a5f (webtiles) character file.

491 M4edhros the Sneak (level 7, 0/43 HPs)
             Began as an Octopode Artificer on Dec 10, 2015.
             Killed from afar by an orc wizard (9 damage)
             ... with a magic dart
             ... on level 5 of the Dungeon.
             The game lasted 00:03:24 (3163 turns).

M4edhros the Sneak (Octopode Artificer)             Turns: 3163, Time: 00:03:24

Health: 0/43       AC:  1    Str: 10    XL:     7   Next: 14%
Magic:  10/10      EV: 13    Int: 16    God:
Gold:   91         SH:  0    Dex: 13    Spells: 0 memorised, 6 levels left

rFire  . . .     SeeInvis .     a - +0 short sword
rCold  . . .     Clarity  .     (no shield)
rNeg   . . .     SustAt   .     (helmet restricted)
rPois  .         Gourm    .     (no amulet)
rElec  .         Spirit   .     (no ring)
rCorr  .         Dismiss  .     (no ring)
rMut   .         Stasis   .     (no ring)
MR     .....                    (no ring)
Stlth  ++++......               (no ring)
                                (no ring)
                                (no ring)
                                (no ring)

@: not resistant to hostile enchantments, stealthy
A: almost no armour, amphibious, 8 rings, constrict 8, camouflage 1, gelatinous
body 1
a: no special abilities


You were on level 5 of the Dungeon.
You were not hungry.

You visited 1 branch of the dungeon, and saw 5 of its levels.

You collected 91 gold pieces.

Inventory:

Hand Weapons
 a - a +0 short sword (weapon)
 k - a +0 hunting sling
 w - a +0 blowgun
Missiles
 i - 12 sling bullets
 j - 3 javelins (quivered)
 l - 3 stones
 x - 11 poisoned needles
Jewellery
 o - an uncursed ring of see invisible {unknown}
Wands
 b - a wand of flame (0)
 c - a wand of enslavement (15)
 d - a wand of random effects (9)
 h - a wand of random effects (19)
 v - a wand of magic darts (35)
 A - a wand of flame (25)
Scrolls
 m - a scroll of teleportation {unknown}
 q - 4 scrolls of identify {unknown}
 y - a scroll of remove curse {unknown}
Potions
 f - a potion of brilliance
 n - 2 potions of agility {unknown}
 p - a potion of degeneration {unknown}
 r - 2 potions of mutation {unknown}
 t - 2 potions of might {unknown}
 u - a potion of haste {unknown}
 z - 2 potions of flight {unknown}
 E - 2 potions of lignification {unknown}
Comestibles
 e - a bread ration
 g - 3 slices of pizza
 s - 5 fruits
 B - a beef jerky
 C - a meat ration


   Skills:
 - Level 1.0 Fighting
 - Level 1.0 Short Blades
 * Level 4.0 Slings
 + Level 3.6 Dodging
 + Level 5.0 Stealth
 + Level 5.0 Evocations


You had 6 spell levels left.
You didn't know any spells.

Dungeon Overview and Level Annotations

Branches:
Dungeon (5/15)
 Temple: D:4-7

Altars:

Annotations:
D:5 JokEr's ghost, novice GrFi


Innate Abilities, Weirdness & Mutations

You cannot wear most types of armour.
You are amphibious.
You can wear up to eight rings at the same time.
You can use your tentacles to constrict eight enemies at once.
Your skin changes colour to match your surroundings (Stealth).
Your rubbery body absorbs attacks (AC +1).


Message History

The jackal is severely wounded.
You constrict the jackal.
You kill the jackal!
You feel sick.
No target in view!
You feel sick.
You feel sick.
You are no longer poisoned.
An orc wizard comes into view. It is wielding a dagger.
An orc wizard is nearby!
An orc wizard is nearby!
All of the chunks of flesh in your inventory have rotted away.
An orc wizard is nearby!
The orc wizard shouts!
You hear a shout!
The orc wizard points at you and mumbles some strange words.
The puff of frost hits you!
* * * LOW HITPOINT WARNING * * *
The orc wizard casts a spell at you. The magic dart hits you!
You die...

## #.#####
#....o #.o.#
#@# # #.# #.#.#
#### #.#.##
...# #....#
##.# ######..#
#.# ........#
#<#
#####...#######
#.# #.#
#.........#


You could see an orc priest and an orc wizard.

Vanquished Creatures
  A phantom (D:4)
  2 ogres (D:4)
  Blork the orc (D:4)
  2 worker ants
  A gnoll (D:3)
  6 adders
  A shadow imp (D:5)
  An ooze (D:1)
  An orc (D:4)
  2 bats (D:3)
  2 giant cockroaches
  7 hobgoblins
  8 jackals
  8 kobolds
  A ball python (D:1)
  2 giant newts (D:1)
  6 goblins
  2 quokkas (D:4)
  5 rats
59 creatures vanquished.

Notes
Turn   | Place    | Note
--------------------------------------------------------------
     0 | D:1      | M4edhros the Octopode Artificer began the quest for the Orb.
     0 | D:1      | Reached XP level 1. HP: 13/13 MP: 3/3
   263 | D:1      | Reached XP level 2. HP: 13/18 MP: 4/4
   840 | D:1      | Reached XP level 3. HP: 23/23 MP: 5/5
  1109 | D:2      | Reached skill level 1 in Slings
  1109 | D:2      | Reached skill level 4 in Evocations
  1542 | D:2      | Reached XP level 4. HP: 19/28 MP: 7/7
  2008 | D:4      | Noticed an ogre
  2014 | D:5      | Entered Level 5 of the Dungeon
  2149 | D:5      | Reached XP level 5. HP: 17/33 MP: 8/8
  2391 | D:5      | Noticed JokEr's ghost (novice GrFi)
  2461 | D:4      | Killed an ogre
  2551 | D:4      | Noticed a phantom
  2562 | D:4      | Killed a phantom
  2562 | D:4      | Reached XP level 6. HP: 27/38 MP: 9/9
  2603 | D:4      | Noticed Blork the orc
  2615 | D:4      | Killed Blork the orc
  2924 | D:4      | Reached skill level 5 in Stealth
  2924 | D:4      | Reached XP level 7. HP: 43/43 MP: 10/10
  3131 | D:5      | Reached skill level 5 in Evocations
  3163 | D:5      | Killed from afar by an orc wizard

Vault maps used:
D:1:      minmay_arrival_doors
D:2:      lemuel_coloured_pillars_altar, kennysheep_generic_room_2
D:3:      lemuel_castle_with_subvaults, lemuel_round_altar, first_bread,
          ecumenical_altar_1, uniq_sigmund
D:4:      uniq_blork_the_orc
D:5:      minmay_temple_entry_enclosed_plants, uniq_prince_ribbit1

Action                   |  1- 3 |  4- 6 |  7- 9 || total
-------------------------+-------+-------+-------++-------
Melee: Short sword       |    27 |    55 |    13 ||    95
 Fire: Hunting sling     |    60 |       |       ||    60
Evoke: Wand              |       |    23 |       ||    23
  Use: Potion            |       |     2 |       ||     2
 Stab: Sleeping          |     3 |    11 |     1 ||    15
       Distracted        |       |     1 |       ||     1
       Paralysed         |       |     2 |       ||     2
  Eat: Meat ration       |       |     1 |       ||     1
       Chunk             |       |       |     2 ||     2
